 Dungeon Crawl Stone Soup version 0.30.1-11-g7821555f0a (webtiles) character file.

Game seed: 14125378102757682295

2597439 crabbadon the Petrodigitator (level 27, 157/157 HPs)
             Began as a Gargoyle Earth Elementalist on Jan 10, 2024.
             Was the Champion of Vehumet.
             Escaped with the Orb
             ... and 4 runes on Jan 15, 2024!
             The game lasted 07:51:51 (58992 turns).

crabbadon the Petrodigitator (GrEE)                Turns: 58992, Time: 07:51:51

Health: 157/157    AC: 50    Str: 14    XL:     27
Magic:  67/67      EV: 12    Int: 36    God:    Vehumet [******]
Gold:   8389       SH:  4    Dex:  9    Spells: 3/70 levels left

rFire   + + +        c - staff of earth
rCold   + . .        s - +2 buckler {rN+}
rNeg    + + .        O - quicksilver dragon scales
rPois   ∞            q - +2 helmet {SInv}
rElec   +            f - +2 cloak
rCorr   +            j - +1 pair of gloves of Whack-A-Mole {Will+}
SInv    +            P - +1 pair of boots of the Special Emperors {rF+ Regen+ MP+9 Dex+3}
Will    +++++        a - amulet of Vitality {RegenMP++ Regen++}
Stlth   +            Q - ring of Qojyih {rPois rC+ Will+ Str+2 Int+6}
HPRegen 2.86/turn    G - ring "Zilyemecs" {rF+++ Will+ rCorr MP+9 Dex-4}
MPRegen 1.20/turn

%: no passive effects
@: flying
A: sickness immunity, AC +20, big wings, negative energy resistance 1,
electricity resistance, torment resistance 1, petrification resistance, mutation
resistance 1, no potion heal 1, inability to drink after injury 1
0: Orb of Zot
}: 4/15 runes: decaying, serpentine, slimy, silver
a: Renounce Religion


You escaped.
You worshipped Vehumet.
Vehumet was exalted by your worship.
You visited 11 branches of the dungeon, and saw 53 of its levels.
You also visited: Trove, Ossuary, Gauntlet, Volcano and Wizlab.

You collected 9907 gold pieces.
You spent 1518 gold pieces at shops.

Inventory:

Missiles
 T - a throwing net
Armour
 f - a +2 cloak (worn)
 j - the +1 pair of gloves of Whack-A-Mole (worn) {Will+}
   (You bought it in a shop on level 4 of the Vaults)

   Will:      It increases your willpower.
 m - +1 acid dragon scales
 q - a +2 helmet of see invisible (worn)
 s - a +2 buckler of positive energy (worn)
 C - a +3 troll leather armour {Snorg}
 O - quicksilver dragon scales (worn)
 P - the +1 pair of boots of the Special Emperors (worn) {rF+ Regen+ MP+9 Dex+3}
   (You bought it in a shop on level 4 of the Vaults)

   Dex:       It affects your dexterity (+3).
   rF:        It protects you from fire.
   MP:        It affects your magic capacity (+9).
   Regen:     It increases your rate of health regeneration.
Magical Staves
 c - a staff of earth (weapon)
 h - the staff of conjuration "Lywud" {rN+ SInv}
   (You found it on level 3 of the Elven Halls)

   [staff of conjuration]

   Base accuracy: +5 Base damage: 5 Base attack delay: 1.2 This weapon's minimum
   attack delay (0.6) is reached at skill level 12.
   rN:        It protects you from negative energy.
   SInv:      It lets you see invisible.
   It falls into the 'Staves' category.
   It is a one-handed weapon.
 U - the staff of fire "Fuid" {rElec rF+ rN+}
   (You found it on level 5 of the Vaults)

   [staff of fire]

   Base accuracy: +5 Base damage: 5 Base attack delay: 1.2 This weapon's minimum
   attack delay (0.6) is reached at skill level 12.
   rF:        It protects you from fire.
   rElec:     It insulates you from electricity.
   rN:        It protects you from negative energy.
   It falls into the 'Staves' category.
   It is a one-handed weapon.
Jewellery
 a - the amulet of Vitality (around neck) {RegenMP++ Regen++}
   (You took it off a deep elf pyromancer on level 3 of the Elven Halls)

   [amulet of magic regeneration]

   It increases your rate of magic regeneration.
   Regen:     It increases your rate of health regeneration.
 o - the ring "Heane" {rF+ rC+ AC+4 Slay+3}
   (You took it off a tengu reaver on level 5 of the Vaults)

   [ring of protection]

   AC:        It affects your AC (+4).
   Slay:      It affects your accuracy & damage with ranged weapons and melee
   (+3).
   rF:        It protects you from fire.
   rC:        It protects you from cold.
 t - the ring "Xushruno" {Ice rCorr Int+8}
   (You found it on level 3 of the Swamp)

   [ring of ice]

   It enhances your ice magic.
   Int:       It affects your intelligence (+8).
   rF:        It makes you vulnerable to fire.
   rC:        It protects you from cold.
   rCorr:     It protects you from acid and corrosion.
 A - the ring of Ujoj {Contam rPois rF+ MP+9}
   (You took it off a naga ritualist on level 1 of the Snake Pit)

   [ring of poison resistance]

   rF:        It protects you from fire.
   rPois:     It protects you from poison.
   MP:        It affects your magic capacity (+9).
   Contam:    It causes magical contamination when unequipped.
 G - the ring "Zilyemecs" (right hand) {rF+++ Will+ rCorr MP+9 Dex-4}
   (You found it on level 9 of the Dungeon)

   [ring of magical power]

   Dex:       It affects your dexterity (-4).
   rF:        It renders you almost immune to fire.
   MP:        It affects your magic capacity (+9).
   rCorr:     It protects you from acid and corrosion.
   Will:      It increases your willpower.
 M - a ring of positive energy
 Q - the ring of Qojyih (left hand) {rPois rC+ Will+ Str+2 Int+6}
   (You found it on level 10 of the Dungeon)

   [ring of intelligence]

   Str:       It affects your strength (+2).
   Int:       It affects your intelligence (+6).
   rC:        It protects you from cold.
   rPois:     It protects you from poison.
   Will:      It increases your willpower.
 X - the ring "Ebrec" {Str+6 Int+4 Stlth+}
   (You found it in a treasure trove)

   [ring of strength]

   Str:       It affects your strength (+6).
   Int:       It affects your intelligence (+4).
   Stlth:     It makes you more stealthy.
Wands
 g - a wand of light (15)
 l - a wand of roots (47)
 r - a wand of mindburst (21)
 E - a wand of digging (49)
 F - a wand of paralysis (81)
 H - a wand of flame (39)
 L - a wand of polymorph (37)
Scrolls
 b - 9 scrolls of poison
 d - 13 scrolls of teleportation
 i - 9 scrolls of immolation
 k - 7 scrolls of blinking
 p - a scroll of silence
 I - 5 scrolls of fog
 J - a scroll of magic mapping
 S - a scroll of summoning
 Z - 9 scrolls of fear
Potions
 e - 11 potions of might
 n - 17 potions of curing
 u - 2 potions of haste
 v - 5 potions of brilliance
 w - 5 potions of magic
 x - 7 potions of resistance
 z - 6 potions of cancellation
 B - 6 potions of mutation
 D - 3 potions of invisibility
 N - 8 potions of heal wounds
 Y - 3 potions of ambrosia
Miscellaneous
 y - a box of beasts
 K - a phantom mirror
 R - a phial of floods
 V - a condenser vane
 W - a lightning rod (4/4)


   Skills:
 - Level 12.0 Fighting
 - Level 3.0(8.1) Maces & Flails
 - Level 11.8(12.0) Staves
 + Level 17.9 Armour
 - Level 7.0 Dodging
 - Level 10.0 Stealth
 + Level 22.4 Spellcasting
 O Level 27 Conjurations
 - Level 3.0 Translocations
 - Level 1.0 Transmutations
 - Level 11.0 Fire Magic
 O Level 27 Earth Magic
 - Level 8.0 Evocations


You had 3 spell levels left.
You knew the following spells:

 Your Spells              Type           Power      Damage    Failure   Level
a - Borgnjor's Vile Clut  Necr/Erth      58%        N/A       1%          5
b - Passwall              Tmut/Erth      99%        N/A       0%          2
c - Lehudib's Crystal Sp  Conj/Erth      75%        10d17     1%          8
d - Petrify               Tmut/Erth      100%       N/A       1%          4
e - Blink                 Tloc           100%       N/A       1%          2
h - Lee's Rapid Deconstr  Erth           75%        3d34*     0%          5
i - Iron Shot             Conj/Erth      75%        9d14      0%          6
j - Fireball              Conj/Fire      54%        3d21      0%          5
k - Leda's Liquefaction   Hex/Erth       58%        N/A       1%          4
A - Animate Armour        Summ/Erth      100%       N/A       1%          4
F - Iskenderun's Battles  Conj           100%       2d15      0%          5
P - Apportation           Tloc           100%       N/A       1%          1
R - Spellforged Servitor  Conj/Summ      47%        N/A       1%          7
S - Shatter               Erth           75%        3d55*     1%          9

Your spell library contained the following spells:

 Spells                   Type           Power      Damage    Failure   Level
 Foxfire                  Conj/Fire      100%       2x1d9     0%          1
 Kiss of Death            Conj/Necr      100%       2d13      0%          1
 Magic Dart               Conj           100%       1d8       0%          1
 Sandblast                Erth           100%       2d20      0%          1
 Momentum Strike          Conj/Tloc      100%       3d10      0%          2
 Scorch                   Fire           100%       2d9       0%          2
 Static Discharge         Conj/Air       100%       2-7/arc   0%          2
 Dazzling Flash           Conj/Hex       100%       N/A       0%          3
 Stone Arrow              Conj/Erth      100%       3d13      0%          3
 Necrotise                Necr           100%       1d9       1%          1
 Sting                    Tmut/Pois      100%       1d8       1%          1
 Summon Small Mammal      Summ           100%       N/A       1%          1
 Call Imp                 Summ           80%        N/A       1%          2
 Ensorcelled Hibernation  Hex/Ice        80%        N/A       1%          2
 Lesser Beckoning         Tloc           100%       N/A       1%          2
 Wereblood                Tmut           47%        N/A       1%          2
 Frozen Ramparts          Ice            80%        1d13      1%          3
 Gell's Gravitas          Tloc           58%        N/A       1%          3
 Inner Flame              Hex/Fire       68%        N/A       1%          3
 Mephitic Cloud           Conj/Pois/Air  81%        N/A       1%          3
 Teleport Other           Tloc           58%        N/A       1%          3
 Volatile Blastmotes      Fire/Tloc      100%       2d18      1%          3
 Portal Projectile        Hex/Tloc       100%       N/A       2%          3
 Vhi's Electric Charge    Tloc/Air       100%       N/A       2%          3
 Spider Form              Tmut/Pois      43%        N/A       3%          3
 Confusing Touch          Hex            40%        N/A       4%          3
 Swiftness                Air            40%        N/A       4%          3
 Tukima's Dance           Hex            40%        N/A       4%          3
 Vampiric Draining        Necr           40%        2d8       4%          3
 Flame Wave               Conj/Fire      100%       2d21      0%          4
 Sticky Flame             Conj/Fire      100%       2d11      0%          4
 Orb of Destruction       Conj           62%        9d15      0%          7
 Fulminant Prism          Conj/Hex       47%        3d21      1%          4
 Iskenderun's Mystic Bla  Conj/Tloc      99%        2d19      1%          4
 Arcjolt                  Conj/Air       47%        1d57      1%          5
 Irradiate                Conj/Tmut      48%        3d27      1%          5
 Conjure Ball Lightning   Conj/Air       47%        3x3d16    1%          6
 Starburst                Conj/Fire      54%        6d15      1%          6
 Airstrike                Air            20%        2d(3-19)  4%          4
 Manifold Assault         Tloc           58%        N/A       4%          4
 Olgreb's Toxic Radiance  Pois           40%        N/A       4%          4
 Passage of Golubria      Tloc           58%        N/A       4%          4
 Plasma Beam              Fire/Air       34%        2x1d51    6%          6
 Ice Form                 Ice/Tmut       43%        N/A       11%         4
 Anguish                  Hex/Necr       20%        N/A       14%         4
 Animate Dead             Necr           40%        N/A       14%         4
 Cause Fear               Hex            20%        N/A       14%         4
 Summon Ice Beast         Ice/Summ       40%        N/A       14%         4
 Summon Lightning Spire   Summ/Air       40%        N/A       14%         4
 Fire Storm               Conj/Fire      54%        8d14      16%         9
 Summon Forest            Summ/Tloc      25%        N/A       21%         5
 Ignition                 Fire           44%        3d13      24%         8
 Blade Hands              Tmut           23%        N/A       26%         5
 Alistair's Intoxication  Tmut/Pois      28%        N/A       30%         5
 Agony                    Necr           40%        N/A       36%         5
 Metabolic Englaciation   Hex/Ice        20%        N/A       36%         5
 Silence                  Hex/Air        20%        N/A       36%         5
 Summon Mana Viper        Hex/Summ       40%        N/A       36%         5
 Eringya's Noxious Bog    Tmut/Pois      21%        N/A       38%         6
 Dispersal                Tloc           29%        N/A       52%         6
 Chain Lightning          Conj/Air       47%        3d63      77%         9
 Death Channel            Necr           20%        N/A       91%         6
 Simulacrum               Ice/Necr       20%        N/A       91%         6
 Summon Cactus Giant      Summ           20%        N/A       91%         6
 Ozocubu's Refrigeration  Ice            20%        4d11      94%         7
 Dragon Form              Tmut           23%        N/A       100%        7
 Enfeeble                 Hex            20%        N/A       100%        7
 Storm Form               Tmut/Air       21%        N/A       100%        7
 Summon Hydra             Summ           20%        N/A       100%        7
 Discord                  Hex            20%        N/A       100%        8
 Disjunction              Tloc           29%        N/A       100%        8
 Maxwell's Capacitive Co  Air            20%        ∞         100%        8
 Polar Vortex             Ice            20%        N/A       100%        9
 Cigotuvi's Dreadful Rot  Necr/Pois/Air  Unusable   N/A       N/A         2
 Sublimation of Blood     Necr           Unusable   N/A       N/A         2
 Statue Form              Tmut/Erth      Unusable   N/A       N/A         6

Dungeon Overview and Level Annotations

Branches:
Dungeon (15/15)            Temple (1/1) D:5            Lair (5/5) D:9
  Swamp (4/4) Lair:3        Snake (4/4) Lair:2        Slime (5/5) Lair:4
    Orc (2/2) D:11            Elf (3/3) Orc:2        Vaults (5/5) D:14
  Crypt (0/3) Vaults:2     Depths (4/4) D:15            Zot (5/5) Depths:4
Ossuary (visited)         Volcano (visited)          WizLab (visited)
Gauntlet (visited)

Altars:
Ashenzari
Cheibriados
Elyvilon
Fedhas
Gozag
Hepliaklqana
Kikubaaqudgha
Makhleb
Nemelex Xobeh
Okawaru
Qazlal
Ru
Sif Muna
Trog
Uskayaw
Vehumet
Wu Jian
Xom
Yredelemnul
Zin
The Shining One
Jiyva
Lugonu

Shops:
D:6 *   Orc:2 *[(*   Elf:1 :   Elf:3 :=:   Vaults:1 [   Vaults:4 ?[(*
Vaults:5 [   Zot:5 *   Depths:4 ([(

Portals:
Hell: Depths:1 Depths:2 Depths:3 Depths:4
Abyss: Depths:3
Pandemonium: Depths:1 Depths:2
Ziggurat: Depths:3

Annotations:
D:8 Maggie
Lair:2 3 runed translucent doors, exclusion: 3 doors, GriffinBr's ghost, journeyman MiBe
Slime:5 Royal Jelly
Vaults:4 1 transporter
Depths:1 exclusions: downstairs and 19 more exclusions
Depths:2 exclusion: downstairs
Depths:3 exclusion: 2 downstairs
Depths:4 exclusion: downstairs
Zot:3 2 transporters, exclusion: orange crystal statue, Emnejil's ghost, master VSBe


Innate Abilities, Weirdness & Mutations

You are immune to sickness and miasma.
Your stone body is resilient. (AC +20)
You are immune to poison.
Your large and strong wings let you fly.
You resist negative energy. (rN+)
You are resistant to electric shocks. (rElec)
You are resistant to unholy torment.
You are immune to petrification.
You are somewhat resistant to further mutation.
Potions are less effective at restoring your health.
You occasionally lose the ability to drink potions when taking damage.


Message History

Confirm with . or Enter, or press ? or * to list all spells.
Aiming: Lehudib's Crystal Spear (mildly dangerous; 1% risk of failure)
Press: ? - help, Shift-Dir - straight line, f - lorocyproca
Aim: a lorocyproca (slightly transparent, 82% to hit)
You feel a surge of power!
The crystal spear hits the lorocyproca!!!!
You kill the lorocyproca!
Vehumet accepts your kill.
You feel your power returning.
Jablem gestures.
The large abomination hits your kobold!
Your kobold dies!
Your kobold's corpse dissolves into shadows!
Your quokka bites Jablem.
Your dart slug closely misses Jablem.
The orange demon stings you but does no damage.
Jablem hits your animated quicksilver dragon scales!!
Your animated quicksilver dragon scales is destroyed!
Your animated quicksilver dragon scales disappears in a puff of smoke!
Your quokka completely misses Jablem.
The large abomination hits your dart slug!
Your dart slug dies!
Your dart slug's corpse dissolves into shadows!
You block the orange demon's attack. The orange demon barely misses you.
Casting: Lehudib's Crystal Spear (mildly dangerous; 1% risk of failure)
Confirm with . or Enter, or press ? or * to list all spells.
Aiming: Lehudib's Crystal Spear (mildly dangerous; 1% risk of failure)
Press: ? - help, Shift-Dir - straight line, f - orange demon
Aim: an orange demon (91% to hit)
You feel a surge of power!
The crystal spear hits the orange demon!!!!
You kill the orange demon!
Vehumet accepts your kill.
The large abomination barely misses you.
There is a stone staircase leading up here.
You block the large abomination's attack.
You fly upwards.
Your summoned ally is left behind.
There is a stone staircase leading down here.
Magic restored.
There is a staircase leading out of the dungeon here.
You have escaped!

#........#.......
###........#.......
#############..........#.......
#...........#..........#.......
#...........#..........########
##...........†..................
#..............#................
#........##############......###
#........#####.@.#### #.....#...
#..†.....##...8.8...# #....#~...
#........##.........# #...#.~~..
#........##.........###..#..~.~~
#.....##..............#..#~~~~≈≈
#.....##.####..########......≈_.
#..........#...###...##..#~~~~≈≈
#......#.#............#..#..~.~~
#......#.######.......#...#.~~..


There were no monsters in sight!

Vanquished Creatures
  A dread lich (Vaults:5)
  5 orbs of fire (Zot:5)
  3 ancient liches
  Mara (Snake:4)
  A juggernaut (Depths:2)
  Saint Roka (Vaults:1)
  2 Killer Klowns
  A curse toe (Zot:2)
  A caustic shrike (Depths:2)
  Nikola (Vaults:1)
  9 golden dragons
  9 electric golems
  3 doom hounds
  A Brimstone Fiend (D:12)
  5 liches
  Grunn (Zot:3)
  25 tentacled monstrosities
  Mlioglotl (Swamp:2)
  19 Orb Guardians (Zot:5)
  2 deep elf blademasters (Elf:3)
  2 deep elf master archers (Elf:3)
  5 titans (Vaults:5)
  23 acid blobs
  2 walking divine tomes (Depths:2)
  6 quicksilver dragons
  Asterion (Vaults:1)
  3 sphinxes
  20 storm dragons
  7 tengu reavers
  14 death cobs
  Agnes (Snake:3)
  3 fenstrider witches
  Kirke (Lair:5)
  13 rockslimes
  11 shadow dragons
  4 azure jellies (Slime:5)
  3 draconian monks
  Roxanne (Swamp:2)
  A draconian knight (Depths:4)
  5 nagarajas
  14 frost giants
  9 deep elf sorcerers
  14 fire giants
  5 spectral caustic shrikes (Depths:2)
  3 iron dragons
  4 draconian scorchers (Zot:1)
  3 ghost moths
  17 vault wardens
  2 draconian stormcallers (Zot:1)
  4 draconian shifters
  5 deep elf elementalists (Elf:3)
  2 balrugs
  2 spriggan defenders
  5 draconian annihilators
  A ghost moth (shapeshifter) (Zot:1)
  14 ironbound thunderhulks
  20 very ugly things
  9 green draconians
  3 orc warlords
  29 ironbound preservers
  10 war gargoyles
  10 stone giants
  A reaper (Depths:4)
  5 quicksilver oozes
  4 eleionomae
  2 vampire knights
  6 deep elf demonologists
  5 deep elf annihilators
  10 black draconians
  3 spark wasps
  4 dire elephants
  A lorocyproca (D:2)
  6 yellow draconians
  7 red draconians
  4 white draconians
  5 purple draconians
  A yellow draconian (shapeshifter) (Zot:1)
  A minotaur (shapeshifter) (Depths:3)
  5 bunyips
  Snorg (Lair:3)
  7 fire dragons
  5 deep elf death magi
  An eidolon (Vaults:2)
  2 jiangshi (Depths:3)
  3 green deaths
  5 crystal guardians
  20 great orbs of eyes
  8 ettins
  6 deep elf high priests
  11 yaktaur captains
  An entropy weaver (Vaults:4)
  A quicksilver dragon skeleton (Depths:3)
  21 hydras
  9 peacekeepers
  A salamander tyrant (WizLab)
  9 ice dragons
  3 spriggan air magi
  A ghost crab (Lair:3)
  4 ironbound frosthearts
  Erica (Lair:2)
  18 anacondas
  28 vault guards
  5 centaur warriors
  4 ogre magi (Vaults:5)
  2 death knights
  An alligator (shapeshifter) (Vaults:5)
  3 boulder beetles
  5 deep troll earth magi
  16 naga warriors
  3 alligators
  A deep troll shaman (Depths:4)
  The ghost of po7itron the End of an Era, a novice DsGl of Qazlal (D:9)
  15 two-headed ogres
  36 dancing weapons
  A titan zombie (Depths:3)
  16 death yaks
  8 spriggan berserkers
  The ghost of megamayne420 the Severer, a novice HOMo of the Shining One (D:9)
  6 tengu warriors
  6 shock serpents
  20 naga sharpshooters
  A shock serpent (shapeshifter) (Vaults:5)
  A hell knight (Depths:2)
  2 vampire magi
  26 deep elf knights
  The ghost of Jynx the Cleaver, a novice MiFi of Makhleb (D:9)
  6 salamander mystics
  An orc high priest (Elf:3)
  32 spriggans
  A skyshark (Lair:5)
  6 iron trolls
  A golden dragon zombie (Depths:3)
  5 spriggan druids
  53 deep trolls
  A spectral death yak (Lair:3)
  A death drake (shapeshifter) (Depths:1)
  3 orb spiders (Zot:1)
  4 glowing orange brains
  14 swamp dragons
  15 naga ritualists
  A harpy (Vaults:5)
  A shadow demon (Depths:1)
  2 spectral hydras (Lair:3)
  5 phantasmal warriors
  2 flayed ghosts
  4 bog bodies
  12 wizards
  19 deep elf archers
  9 orc knights
  20 ironbound convokers
  2 lindwurms
  6 orc sorcerers
  30 deep elf pyromancers
  2 necromancers
  37 ugly things
  28 deep elf zephyrmancers
  A tengu skeleton (Depths:3)
  A shining eye (shapeshifter) (Depths:2)
  8 mana vipers
  3 cyclopes
  32 moths of wrath
  A sphinx skeleton (Depths:3)
  14 salamanders
  9 shining eyes
  5 will-o-the-wisps
  A rust devil (Depths:1)
  A manticore (D:15)
  A worldbinder (Gauntlet)
  6 elephants (Lair:3)
  An elephant (shapeshifter) (Elf:1)
  50 black mambas
  An apocalypse crab (Zot:1)
  11 guardian serpents
  12 naga magi
  21 vault sentinels
  A smoke demon (D:2)
  3 molten gargoyles (WizLab)
  13 yaktaurs
  An orange demon (D:2)
  6 gargoyles
  2 kobold demonologists (D:12)
  10 cane toads
  4 rime drakes
  A yaktaur (shapeshifter) (D:14)
  10 komodo dragons
  3 freezing wraiths (Vaults:5)
  A hellwing (Depths:1)
  2 meliai (shapeshifter)
  3 polar bears (Lair:5)
  11 tyrant leeches
  2 bloated husks
  5 harpy zombies (Zot:1)
  A tarantella (shapeshifter) (Vaults:5)
  24 hornets
  8 trolls
  18 blink frogs
  A raiju (Zot:1)
  A spectral lindwurm (Lair:3)
  154 slime creatures
  12 flying skulls (Gauntlet)
  2 air elementals
  3 wraiths
  11 wyverns
  3 water elementals
  A vampire (D:11)
  A ynoxinul (Depths:1)
  4 fire elementals
  3 chaos spawn (Elf:1)
  17 yaks
  2 fire bats (Volcano)
  2 golden eyes (Slime:5)
  5 hogs (Lair:5)
  A neqoxec (Depths:1)
  A basilisk (shapeshifter) (Vaults:5)
  4 steam dragons
  14 vampire mosquitoes
  12 swamp worms
  41 nagas
  4 wargs
  An acid dragon (D:10)
  26 water moccasins
  11 swamp drakes
  3 ice beasts
  A sky beast (D:7)
  33 orc warriors
  11 ogres
  4 black bears
  A spectral blink frog (Lair:3)
  12 boggarts
  A spectral rime drake (Lair:3)
  23 wolves
  3 centaurs (D:13)
  3 phantoms
  A kobold brigand (D:11)
  3 gnoll sergeants
  3 scorpions
  14 bullfrogs
  7 earth elementals
  9 killer bees (D:10)
  10 howler monkeys
  2 electric eels (Lair:2)
  2 jellies
  2 hounds
  24 orc priests
  2 sleepcaps
  4 iguanas
  25 orc wizards
  2 lightning spires (WizLab)
  A mummy (Ossuary)
  14 gnolls
  5 adders
  3 shadow imps
  A white imp (D:7)
  2 worms
  112 orcs
  4 spectral bats (Ossuary)
  5 ball pythons
  11 endoplasms
  12 gnoll zombies (Ossuary)
  6 goblins
  6 hobgoblins
  13 kobolds
  5 quokkas
  9 bats
  3 frilled lizards
  6 goblin simulacra (Ossuary)
  3 goblin zombies (Ossuary)
  4 hobgoblin zombies (Ossuary)
  5 kobold simulacra (Ossuary)
  5 kobold zombies (Ossuary)
  6 orc zombies (Ossuary)
  7 rats
  A rat simulacrum (Ossuary)
  4 spectral goblins (Ossuary)
  4 spectral kobolds (Ossuary)
  A spectral orc (D:3)
  2 spectral rats (Ossuary)
  A butterfly (Zot:1)
2254 creatures vanquished.

Vanquished Creatures (collateral kills)
  An orb of fire (Zot:5)
  An electric golem (Zot:3)
  3 Orb Guardians (Zot:5)
  A yellow draconian (Zot:4)
  A two-headed ogre (Volcano)
  A moth of wrath (Zot:4)
  A salamander (Volcano)
  A komodo dragon (Volcano)
  A wyvern (Volcano)
  A steam dragon (Volcano)
  A foxfire (D:9)
13 creatures vanquished.

Vanquished Creatures (others)
  An ettin (Depths:1)
  A deep elf knight (Elf:1)
  A harpy zombie (Zot:1)
  A human (Lair:5)
  An orc wizard (Vaults:1)
  45 foxfires
50 creatures vanquished.

Grand Total: 2317 creatures vanquished

Notes
Turn   | Place    | Note
-------+----------+-------------------------------------------
     0 | D:1      | crabbadon the Gargoyle Earth Elementalist began the quest
                  | for the Orb.
     0 | D:1      | Reached XP level 1. HP: 10/10 MP: 3/3
    80 | D:1      | Found a faded altar of an unknown god.
   107 | D:1      | Reached XP level 2. HP: 4/15 MP: 1/5
   151 | D:1      | Learned a level 2 spell: Passwall
   631 | D:1      | Reached XP level 3. HP: 14/20 MP: 2/6
   961 | D:1      | Learned a level 3 spell: Stone Arrow
  1270 | D:2      | Reached skill level 1 in Fighting
  1656 | D:2      | Reached XP level 4. HP: 25/25 MP: 5/7
  2202 | D:3      | You fall into a shaft and drop 3 floors!
  2242 | D:6      | Noticed an ice beast
  2254 | D:6      | Found Xeskador's Assorted Antiques.
  2478 | D:6      | Noticed a water moccasin
  2489 | D:6      | Killed a water moccasin
  2490 | D:6      | Reached skill level 1 in Maces & Flails
  2490 | D:6      | Reached skill level 1 in Armour
  2490 | D:6      | Reached skill level 1 in Conjurations
  2490 | D:6      | Reached skill level 5 in Earth Magic
  2490 | D:6      | Reached XP level 5. HP: 17/30 MP: 6/9
  2579 | D:6      | Reached XP level 6. HP: 31/35 MP: 8/10
  2627 | D:5      | Entered Level 5 of the Dungeon
  2716 | D:4      | Found a sand-covered staircase.
  2722 | Ossuary  | Entered an ossuary
  4147 | D:4      | Reached XP level 7. HP: 38/40 MP: 9/11
  4591 | D:3      | Found a basalt altar of Yredelemnul.
  5382 | D:5      | Reached XP level 8. HP: 30/45 MP: 13/13
  5532 | D:5      | Found a burning altar of Makhleb.
  5659 | D:5      | Found a staircase to the Ecumenical Temple.
  5673 | Temple   | Entered the Ecumenical Temple
  6532 | D:6      | Bought a brightly glowing glass ring for 135 gold pieces
  6532 | D:6      | Identified the ring of Riebeoga {rElec Dex+6 Stlth+} (You
                  | bought it in a shop on level 6 of the Dungeon)
  6533 | D:6      | Bought a scroll labelled FEDEUZX SOUWK for 27 gold pieces
  6533 | D:6      | Bought a scroll of identify for 54 gold pieces
  6894 | D:6      | Learned a level 4 spell: Petrify
  7102 | D:7      | Reached XP level 9. HP: 52/52 MP: 8/15
  7130 | D:6      | Reached skill level 5 in Armour
  7130 | D:6      | Reached skill level 1 in Evocations
  7334 | D:7      | Reached skill level 1 in Staves
  7334 | D:7      | Reached skill level 5 in Stealth
  7613 | D:7      | Reached skill level 1 in Transmutations
  7679 | D:7      | Learned a level 2 spell: Blink
  8117 | D:7      | Reached skill level 1 in Translocations
  8321 | D:8      | Reached skill level 5 in Conjurations
  8438 | D:8      | Noticed Maggie
  8655 | D:9      | Found a staircase to the Lair.
  8734 | D:9      | Found a runed translucent gate.
  8734 | D:9      | Found a runed translucent gate.
  8734 | D:9      | Found a runed translucent gate.
  8735 | D:9      | Noticed Jynx's ghost (novice MiFi)
  8739 | D:9      | Noticed megamayne420's ghost (novice HOMo)
  8740 | D:9      | Noticed po7itron's ghost (novice DsGl)
  8754 | D:9      | Reached XP level 10. HP: 36/58 MP: 13/16
  9019 | D:9      | Noticed a boulder beetle
  9035 | D:9      | Reached skill level 5 in Fighting
  9183 | D:9      | Reached skill level 5 in Spellcasting
  9338 | D:10     | Entered Level 10 of the Dungeon
  9340 | D:10     | Identified the ring of Qojyih {rPois rC+ Will+ Str+2 Int+6}
  9647 | D:10     | Found a radiant altar of Vehumet.
  9649 | D:10     | Found a shimmering altar of Xom.
  9667 | D:10     | Became a worshipper of Vehumet
  9818 | D:10     | Reached skill level 10 in Earth Magic
 10197 | Lair:1   | Entered Level 1 of the Lair of Beasts
 10717 | Lair:1   | Noticed a cane toad
 10723 | Lair:1   | Noticed a cane toad
 10730 | Lair:1   | Killed a cane toad
 10926 | Lair:1   | Noticed a cane toad
 10928 | Lair:1   | Killed a cane toad
 10929 | Lair:1   | Reached skill level 5 in Dodging
 10929 | Lair:1   | Reached XP level 11. HP: 63/63 MP: 12/18
 11235 | Lair:1   | Identified the +2 sling of Ixoemmit {freeze, Int+2}
 11453 | Lair:2   | Found a runed translucent gate.
 11455 | Lair:2   | Found a runed translucent gate.
 11456 | Lair:2   | Found a runed translucent gate.
 11489 | Lair:2   | Found a dark tunnel.
 11499 | Volcano  | Entered a volcano
 11501 | Volcano  | Noticed a two-headed ogre
 11511 | Volcano  | Killed a two-headed ogre
 11516 | Volcano  | Reached * piety under Vehumet
 11516 | Volcano  | Offered knowledge of Foxfire by Vehumet.
 11595 | Volcano  | Noticed a salamander
 11604 | Volcano  | Reached skill level 5 in Staves
 11614 | Volcano  | Killed a salamander
 11641 | Volcano  | Noticed a two-headed ogre
 11655 | Volcano  | Killed a two-headed ogre
 11739 | Volcano  | Noticed a two-headed ogre
 11759 | Volcano  | Killed a two-headed ogre
 11760 | Volcano  | Reached skill level 5 in Evocations
 11896 | Volcano  | Noticed a salamander
 11898 | Volcano  | Noticed a two-headed ogre
 11979 | Volcano  | Killed a salamander
 11995 | Volcano  | Learned a level 1 spell: Foxfire
 12055 | Volcano  | Killed a two-headed ogre
 12056 | Volcano  | Reached XP level 12. HP: 40/68 MP: 4/19
 12337 | Volcano  | Noticed a two-headed ogre
 12340 | Volcano  | Noticed a fire dragon
 12351 | Volcano  | Killed a two-headed ogre
 12545 | Lair:2   | Noticed Erica
 12617 | Lair:2   | Reached ** piety under Vehumet
 12669 | Lair:2   | Found a staircase to the Snake Pit.
 12685 | Lair:2   | Offered knowledge of Static Discharge by Vehumet.
 12842 | Lair:2   | Learned a level 2 spell: Static Discharge
 13465 | Lair:2   | Noticed GriffinBr's ghost (journeyman MiBe)
 13625 | Snake:1  | Entered Level 1 of the Snake Pit
 13728 | Lair:3   | Noticed a death yak
 13728 | Lair:3   | Noticed a death yak
 13729 | Lair:3   | Noticed a death yak
 13925 | Lair:3   | Noticed a death yak
 13926 | Lair:3   | Noticed a death yak
 13996 | Lair:3   | Noticed a death yak
 13996 | Lair:3   | Noticed a death yak
 14817 | D:11     | Noticed a two-headed ogre
 14828 | D:11     | Killed a two-headed ogre
 15159 | D:11     | Offered knowledge of Dazzling Flash by Vehumet.
 15168 | D:11     | Learned a level 3 spell: Dazzling Flash
 15178 | D:11     | Found a staircase to the Orcish Mines.
 15213 | Orc:1    | Entered Level 1 of the Orcish Mines
 15219 | Orc:1    | Reached *** piety under Vehumet
 15775 | Orc:2    | Entered Level 2 of the Orcish Mines
 15877 | Orc:2    | Offered knowledge of Flame Wave by Vehumet.
 15885 | Orc:2    | Learned a level 4 spell: Flame Wave
 15989 | Orc:2    | Reached XP level 13. HP: 67/72 MP: 13/20
 15989 | Orc:2    | Found Wixkie's General Store.
 16063 | Orc:2    | Paralysed by an orc sorcerer for 5 turns
 16179 | Orc:2    | Reached **** piety under Vehumet
 16425 | Orc:2    | Offered knowledge of Lee's Rapid Deconstruction by Vehumet.
 16433 | Orc:2    | Learned a level 5 spell: Lee's Rapid Deconstruction
 16435 | Orc:2    | Found Boimiuxu's General Store.
 16552 | Orc:2    | Reached skill level 1 in Fire Magic
 17126 | Orc:2    | Found a staircase to the Elven Halls.
 17311 | Orc:2    | Noticed an orc warlord
 17334 | Orc:2    | Reached ***** piety under Vehumet
 17335 | Orc:2    | Offered knowledge of Irradiate by Vehumet.
 17442 | Orc:2    | Found Qaroar's Antique Weapon Emporium.
 17449 | Orc:2    | Found Qep Soil's Antique Armour Shoppe.
 17926 | D:12     | Found a portal to a secret trove of treasure.
 17988 | D:12     | Found a gate leading to a gauntlet.
 17997 | Gauntlet | Entered a Gauntlet
 17997 | Gauntlet | Found a large runed translucent door.
 17997 | Gauntlet | Found a large runed translucent door.
 17997 | Gauntlet | Found a large runed translucent door.
 17997 | Gauntlet | Found a large runed translucent door.
 17997 | Gauntlet | Found a large runed translucent door.
 17997 | Gauntlet | Found a large runed translucent door.
 17997 | Gauntlet | Found a large runed translucent door.
 17997 | Gauntlet | Found a large runed translucent door.
 17997 | Gauntlet | Found a runed translucent door.
 17997 | Gauntlet | Found a runed translucent gate.
 17997 | Gauntlet | Found a transporter.
 17997 | Gauntlet | Found a transporter.
 17997 | Gauntlet | Found a runed translucent gate.
 17997 | Gauntlet | Found a transporter.
 17999 | Gauntlet | Found a runed translucent door.
 17999 | Gauntlet | Found a runed translucent gate.
 18002 | Gauntlet | Found a transporter.
 18007 | Gauntlet | Found a large runed translucent door.
 18007 | Gauntlet | Found a large runed translucent door.
 18016 | Gauntlet | Found a transporter.
 18017 | Gauntlet | Found a transporter.
 18032 | Gauntlet | Found a transporter.
 18033 | Gauntlet | Found a transporter.
 18050 | Gauntlet | Found a transporter.
 18054 | Gauntlet | Found a transporter.
 18064 | Gauntlet | Found a transporter.
 18068 | Gauntlet | Found a transporter.
 18099 | Gauntlet | Found a large runed translucent door.
 18099 | Gauntlet | Found a large runed translucent door.
 18100 | Gauntlet | Found a large runed translucent door.
 18100 | Gauntlet | Found a large runed translucent door.
 18101 | Gauntlet | Found a large runed translucent door.
 18101 | Gauntlet | Found a large runed translucent door.
 18150 | Gauntlet | Identified a scroll of acquirement
 18150 | Gauntlet | Acquired 480 gold pieces
 18308 | Gauntlet | Noticed a minotaur
 18383 | Gauntlet | Identified the staff of cold "Jouguy" {rC+ Int+4}
 19331 | D:13     | Reached skill level 15 in Earth Magic
 19738 | D:13     | Reached skill level 10 in Armour
 20330 | Lair:2   | Killed Erica
 20353 | Lair:2   | Found a basalt altar of Yredelemnul.
 20461 | Lair:2   | Gained mutation: Your large and strong wings let you fly.
                  | [Gargoyle growth]
 20461 | Lair:2   | Reached XP level 14. HP: 47/78 MP: 11/24
 20731 | Lair:3   | Identified the +0 hand axe "Cior" {freeze, Drain rElec
                  | Will+ Dex+4}
 21489 | Lair:3   | Learned a level 6 spell: Iron Shot
 21523 | Lair:3   | Noticed Snorg
 21552 | Lair:3   | Killed Snorg
 21884 | Lair:3   | Found a staircase to the Swamp.
 22083 | Lair:4   | Reached skill level 5 in Fire Magic
 22235 | Lair:4   | Found a viscous altar of Jiyva.
 22236 | Lair:4   | Found a staircase to the Slime Pits.
 22928 | Lair:5   | Entered Level 5 of the Lair of Beasts
 23073 | Lair:5   | Offered knowledge of Plasma Beam by Vehumet.
 23358 | Lair:5   | Identified the +3 leather armour of the Equator {Fly}
 23438 | Lair:5   | Noticed Kirke
 23451 | Lair:5   | Reached skill level 10 in Staves
 23525 | Lair:5   | Killed Kirke
 23526 | Lair:5   | Reached XP level 15. HP: 82/82 MP: 18/27
 24833 | Swamp:1  | Entered Level 1 of the Swamp
 24909 | Swamp:1  | Offered knowledge of Eringya's Noxious Bog by Vehumet.
 25572 | Snake:1  | Found a runed translucent door.
 25572 | Snake:1  | Identified the ring of Ujoj {Contam rPois rF+ MP+9}
 25895 | Snake:1  | Identified the staff of conjuration "Vovvuyp" {Dex+2}
 26051 | Snake:2  | Reached XP level 16. HP: 74/87 MP: 29/29
 26858 | Snake:2  | Reached skill level 10 in Spellcasting
 27226 | Snake:3  | Noticed Agnes
 27231 | Snake:3  | Killed Agnes
 27412 | Snake:3  | Learned a level 5 spell: Fireball
 27416 | Snake:3  | Offered knowledge of Freezing Cloud by Vehumet.
 27593 | Snake:3  | Noticed a nagaraja
 27600 | Snake:3  | Killed a nagaraja
 27601 | Snake:3  | Reached skill level 10 in Conjurations
 28822 | Swamp:2  | Noticed Roxanne
 28825 | Swamp:2  | Killed Roxanne
 28865 | Swamp:2  | Noticed a fenstrider witch
 28873 | Swamp:2  | Killed a fenstrider witch
 28874 | Swamp:2  | Reached XP level 17. HP: 88/92 MP: 31/32
 29246 | Swamp:2  | Noticed Mlioglotl
 29254 | Swamp:2  | Killed Mlioglotl
 29500 | Swamp:3  | Identified the ring "Xushruno" {Ice rCorr Int+8}
 29671 | Swamp:3  | Identified the +0 arbalest of Vooretergh {freeze, *Slow
                  | rPois SInv}
 29812 | Swamp:3  | Offered knowledge of Starburst by Vehumet.
 30071 | Swamp:4  | Entered Level 4 of the Swamp
 30071 | Swamp:4  | Noticed a tentacled monstrosity
 30106 | Swamp:4  | Killed a tentacled monstrosity
 30958 | Swamp:4  | Identified the +1 scale mail "Anok" {-Tele Regen+ rCorr
                  | Dex+9}
 31114 | Swamp:4  | Got a decaying rune of Zot
 31371 | Snake:4  | Entered Level 4 of the Snake Pit
 31408 | Snake:4  | Noticed Mara
 31432 | Snake:4  | Killed Mara
 31433 | Snake:4  | Reached XP level 18. HP: 103/103 MP: 14/35
 31597 | Snake:4  | Learned a level 4 spell: Leda's Liquefaction
 32164 | Snake:4  | Offered knowledge of Yara's Violent Unravelling by Vehumet.
 33044 | Snake:4  | Got a serpentine rune of Zot
 33347 | Orc:2    | Bought a scroll of amnesia for 56 gold pieces
 33347 | Orc:2    | Bought a scroll of enchant armour for 105 gold pieces
 33360 | Orc:2    | Learned a level 8 spell: Lehudib's Crystal Spear
 33501 | Orc:2    | Bought a potion of invisibility for 136 gold pieces
 33564 | Elf:1    | Entered Level 1 of the Elven Halls
 34022 | Elf:1    | Found Etamaung's One-of-a-Kind Books.
 34505 | Elf:2    | Reached XP level 19. HP: 107/107 MP: 37/37
 34544 | Elf:2    | Reached ****** piety under Vehumet
 34757 | Elf:2    | Found an ancient bone altar of Kikubaaqudgha.
 34800 | Elf:2    | Offered knowledge of Ignition by Vehumet.
 34824 | Elf:2    | Found a runed translucent gate.
 34826 | Elf:2    | Found a runed translucent gate.
 34826 | Elf:2    | Found a runed translucent gate.
 35181 | Elf:2    | Reached skill level 15 in Spellcasting
 35514 | Elf:3    | Entered Level 3 of the Elven Halls
 36067 | Elf:3    | Reached XP level 20. HP: 116/116 MP: 30/39
 36227 | Elf:3    | Reached skill level 10 in Stealth
 36236 | Elf:3    | Learned a level 5 spell: Iskenderun's Battlesphere
 36258 | Elf:3    | Identified the +3 ring mail of the First Snow {rElec}
 36277 | Elf:3    | Got Deocuwor's Vademecum on Ghoulish Wildfire
 36280 | Elf:3    | Got Bieproc's Vellum of the Body and Malisons
 36287 | Elf:3    | Identified the staff of conjuration "Lywud" {rN+ SInv}
 36303 | Elf:3    | Got Sif Muna's Lessons on the Scorching Gestalt
 36337 | Elf:3    | Identified the +1 robe of Depippe {Int+3}
 36352 | Elf:3    | Identified the +2 dagger "Powett" {flame, rElec rF+ rCorr
                  | Str-5}
 36484 | Elf:3    | Offered knowledge of Fire Storm by Vehumet.
 36484 | Elf:3    | Offered knowledge of Shatter by Vehumet.
 36484 | Elf:3    | Offered knowledge of Chain Lightning by Vehumet.
 36496 | Elf:3    | Reached skill level 10 in Fighting
 36530 | Elf:3    | Got Buqiz's Elucidation of Green Geology
 36653 | Elf:3    | Found Jostrit's Book Shop.
 36654 | Elf:3    | Found Bedgh's Jewellery Shoppe.
 36655 | Elf:3    | Found Soil's Book Shop.
 37791 | D:12     | You paid a toll of a +6 demon blade to enter a treasure
                  | trove
 37792 | Trove    | Entered a treasure trove
 37807 | Trove    | Identified the +1 lajatang "Efafum" {freeze, rElec rC- rN+}
 37860 | Trove    | Identified the ring "Onokhu Zuor" {Ice Will- Str+3}
 37873 | Trove    | Identified the ring "Ebrec" {Str+6 Int+4 Stlth+}
 37876 | Trove    | Identified the scarf of Snakes and Ladders {+Inv, Drain
                  | rElec Will- Str+8}
 38561 | D:14     | Found a gate to the Vaults.
 38672 | D:14     | Found an opulent altar of Gozag.
 38732 | D:15     | Entered Level 15 of the Dungeon
 39052 | D:15     | Found a sacrificial altar of Ru.
 39119 | D:15     | Found a staircase to the Depths.
 39270 | D:15     | Identified the +8 broad axe of Wyrd {venom, Fly MP+9 Str+8}
 39342 | Vaults:1 | Entered Level 1 of the Vaults
 39377 | Vaults:1 | Noticed Nikola
 39396 | Vaults:1 | Killed Nikola
 39581 | Vaults:1 | Noticed Asterion
 39585 | Vaults:1 | Killed Asterion
 39675 | Vaults:1 | Noticed Saint Roka
 39676 | Vaults:1 | Found Edwiv's Armour Shop.
 39681 | Vaults:1 | Killed Saint Roka
 39792 | Vaults:1 | Reached skill level 15 in Conjurations
 39924 | Vaults:1 | Reached XP level 21. HP: 122/122 MP: 40/40
 40741 | Vaults:2 | You are sucked into a shaft and drop 1 floor!
 40745 | Vaults:3 | Reached XP level 22. HP: 127/127 MP: 41/41
 41086 | Vaults:2 | Learned a level 9 spell: Shatter
 41542 | Vaults:2 | Found a staircase to the Crypt.
 42990 | Vaults:4 | Found Wuqu's General Store.
 42995 | Vaults:4 | Bought a potion of curing for 60 gold pieces
 42995 | Vaults:4 | Bought a potion of heal wounds for 100 gold pieces
 42995 | Vaults:4 | Bought a potion of heal wounds for 100 gold pieces
 43002 | Vaults:4 | Found Negrack's Weapon Boutique.
 43098 | Vaults:4 | Found Conocs's Antique Armour Boutique.
 43116 | Vaults:4 | Bought a pair of shimmering boots for 256 gold pieces
 43116 | Vaults:4 | Identified the +1 pair of boots of the Special Emperors
                  | {rF+ Regen+ MP+9 Dex+3} (You bought it in a shop on level 4
                  | of the Vaults)
 43116 | Vaults:4 | Bought a pair of heavily runed gloves for 256 gold pieces
 43116 | Vaults:4 | Identified the +1 pair of gloves of Whack-A-Mole {Will+}
                  | (You bought it in a shop on level 4 of the Vaults)
 43329 | Vaults:4 | Reached skill level 27 in Earth Magic
 43471 | Vaults:4 | Reached XP level 23. HP: 133/133 MP: 42/42
 43476 | Vaults:4 | Found a transporter.
 43480 | Vaults:4 | Found a transporter.
 43553 | Vaults:4 | Identified the amulet of Xall {Acrobat Fly Dex+3}
 43992 | Vaults:4 | Found Koetyrr's Magic Scroll Emporium.
 44001 | Vaults:4 | Bought a scroll of blinking for 97 gold pieces
 44001 | Vaults:4 | Bought a scroll of magic mapping for 97 gold pieces
 44001 | Vaults:4 | Bought a scroll of teleportation for 39 gold pieces
 44531 | Vaults:5 | Entered Level 5 of the Vaults
 44552 | Vaults:5 | Noticed an ancient lich
 44554 | Vaults:5 | Killed an ancient lich
 44576 | Vaults:5 | Identified the ring "Heane" {rF+ rC+ AC+4 Slay+3}
 44582 | Vaults:5 | Reached XP level 24. HP: 142/142 MP: 43/43
 44689 | Vaults:5 | Identified the staff of conjuration "Lario" {rPois Will+
                  | Int-2}
 44805 | Vaults:5 | Got the Codex of Kinetic Energy
 44926 | Vaults:5 | Identified the +10 sling of Etzeaqe {freeze, Will+}
 44975 | Vaults:5 | Noticed a dread lich
 44979 | Vaults:5 | Reached skill level 15 in Armour
 44981 | Vaults:5 | Killed a dread lich
 45115 | Vaults:5 | Got a silver rune of Zot
 45117 | Vaults:5 | Got Sif Muna's Lessons on Anathema
 45122 | Vaults:5 | Identified the staff of poison "Fonaes" {Fragile +Blink
                  | rPois rN++}
 45131 | Vaults:5 | Identified the +3 short sword "Ashicix" {pain, *Rage rElec
                  | rPois MP+9}
 45333 | Vaults:5 | Identified the staff of fire "Fuid" {rElec rF+ rN+}
 45338 | Vaults:5 | Identified the +4 ring mail "Satoir" {Rampage rPois Str+5
                  | Stlth-}
 45483 | Vaults:5 | Identified the +0 robe of Agnosticism {SInv Archmagi}
 45538 | Vaults:5 | Found Kotrosuo's Antique Armour Shoppe.
 46264 | D:15     | Learned a level 5 spell: Borgnjor's Vile Clutch
 46266 | Depths:1 | Entered Level 1 of the Depths
 46515 | Depths:1 | Gained mutation: Your magical capacity is low. (-10% MP) [a
                  | neqoxec]
 46530 | Depths:1 | Found a one-way gate leading to the halls of Pandemonium.
 46670 | Depths:1 | Found a gateway to Hell.
 46679 | Depths:1 | Reached skill level 10 in Fire Magic
 47365 | Depths:2 | Noticed a juggernaut
 47367 | Depths:2 | Killed a juggernaut
 47397 | Depths:2 | Noticed a caustic shrike
 47400 | Depths:2 | Killed a caustic shrike
 48028 | Depths:3 | Found a corrupted altar of Lugonu.
 48028 | Depths:3 | Found a one-way gate to the infinite horrors of the Abyss.
 48043 | Depths:3 | Reached XP level 25. HP: 147/147 MP: 38/38
 48122 | Depths:3 | Found a one-way gateway to a ziggurat.
 48157 | Depths:3 | Found a magical portal.
 48162 | WizLab   | Entered Maxwell's Workshop
 48293 | WizLab   | Found the +15 Maxwell's patent armour {-Cast -Tele rElec
                  | Will+ rCorr}
 48411 | WizLab   | Acquired 894 gold pieces
 48474 | WizLab   | Identified the ring "Coest" {Fire rPois Str+5}
 48500 | WizLab   | Identified the +0 robe of the Constellations {Str+5 Dex-5}
 48996 | Depths:3 | Found a blossoming altar of Fedhas.
 49916 | Slime:1  | Entered Level 1 of the Pits of Slime
 49924 | Slime:1  | Gained mutation: Potions are less effective at restoring
                  | your health. [a shining eye]
 49925 | Slime:1  | Gained mutation: Your magical capacity is very low. (-20%
                  | MP) [a shining eye]
 50028 | Lair:1   | Lost mutation: Your magical capacity is very low. (-20% MP)
                  | [potion of mutation]
 50028 | Lair:1   | Lost mutation: Potions are less effective at restoring your
                  | health. [potion of mutation]
 50028 | Lair:1   | Gained mutation: Armour fits poorly on your strangely
                  | shaped body. [potion of mutation]
 50028 | Lair:1   | Gained mutation: You are dopey. (Int -2) [potion of
                  | mutation]
 50028 | Lair:1   | Gained mutation: You have large cloven feet. [potion of
                  | mutation]
 50029 | Lair:1   | Lost mutation: You have large cloven feet. [potion of
                  | mutation]
 50029 | Lair:1   | Lost mutation: Armour fits poorly on your strangely shaped
                  | body. [potion of mutation]
 50029 | Lair:1   | Gained mutation: You occasionally lose the ability to drink
                  | potions when taking damage. [potion of mutation]
 50029 | Lair:1   | Gained mutation: Potions are less effective at restoring
                  | your health. [potion of mutation]
 50030 | Lair:1   | Lost mutation: Your magical capacity is low. (-10% MP)
                  | [potion of mutation]
 50030 | Lair:1   | Lost mutation: You are dopey. (Int -2) [potion of mutation]
 50030 | Lair:1   | Gained mutation: You are somewhat resistant to further
                  | mutation. [potion of mutation]
 51991 | Slime:5  | Entered Level 5 of the Pits of Slime
 52049 | Slime:5  | Reached XP level 26. HP: 152/152 MP: 8/44
 52065 | Slime:5  | Noticed the Royal Jelly
 52170 | Slime:5  | Found a viscous altar of Jiyva.
 52350 | Slime:5  | Got a slimy rune of Zot
 52605 | D:9      | Killed Jynx's ghost
 52606 | D:9      | Killed po7itron's ghost
 52606 | D:9      | Killed megamayne420's ghost
 52617 | D:9      | Identified the ring "Zilyemecs" {rF+++ Will+ rCorr MP+9
                  | Dex-4}
 52802 | Depths:4 | Entered Level 4 of the Depths
 52843 | Depths:4 | Found Waagof's Antique Weapon Emporium.
 52910 | Depths:4 | Found a gate to the Realm of Zot.
 53149 | Depths:4 | Found a radiant altar of Vehumet.
 53231 | Depths:4 | Found Tupruih's Weapon Shop.
 53247 | Depths:4 | Found Jaistru's Armour Emporium.
 53725 | Zot:1    | Entered Level 1 of the Realm of Zot
 54659 | Zot:1    | Learned a level 4 spell: Animate Armour
 54771 | Zot:1    | Reached XP level 27. HP: 157/157 MP: 45/45
 54862 | Zot:1    | Reached skill level 27 in Conjurations
 54937 | Zot:1    | Found an ornate altar of the Wu Jian Council.
 55916 | Zot:3    | Noticed Grunn
 55927 | Zot:3    | Killed Grunn
 56169 | Zot:3    | Identified the +7 hand axe "Acarine's Peril" {elec, Fly
                  | SInv}
 56184 | Zot:3    | Noticed Emnejil's ghost (master VSBe)
 56211 | Zot:3    | Found a transporter.
 56214 | Zot:3    | Found a transporter.
 56424 | Zot:3    | Noticed a dread lich
 56528 | Zot:3    | Identified the +5 morningstar "Loopy" {antimagic, rF+ rCorr
                  | Int+4}
 56784 | Zot:4    | Learned a level 1 spell: Apportation
 56792 | Zot:4    | Learned a level 7 spell: Spellforged Servitor
 57870 | Zot:5    | Entered Level 5 of the Realm of Zot
 57927 | Zot:5    | Found Iciten's Last-Chance Deals.
 58113 | Zot:5    | Noticed an ancient lich
 58117 | Zot:5    | Killed an ancient lich
 58119 | Zot:5    | Noticed an ancient lich
 58125 | Zot:5    | Killed an ancient lich
 58126 | Zot:5    | Noticed an orb of fire
 58129 | Zot:5    | Killed an orb of fire
 58133 | Zot:5    | Noticed an orb of fire
 58163 | Zot:5    | Killed an orb of fire
 58223 | Zot:5    | Noticed an orb of fire
 58237 | Zot:5    | Killed an orb of fire
 58385 | Zot:5    | Noticed an orb of fire
 58393 | Zot:5    | Killed an orb of fire
 58399 | Zot:5    | Noticed an orb of fire
 58400 | Zot:5    | Noticed an orb of fire
 58405 | Zot:5    | Killed an orb of fire
 58407 | Zot:5    | Killed an orb of fire
 58476 | Zot:5    | Got the Orb of Zot
 58952 | D:2      | Noticed Jablem the pandemonium lord
 58992 | D:$      | Escaped with the Orb!

Illustrated notes

Levels and vault maps discovered:
D:1:      mrwooster_arrival_statue, layout_basic,
          shapermc_ecumenical_altar_starsandcircs, minmay_strange_pillars
D:2:      layout_basic
D:3:      layout_rooms, yredelemnul_forgotten_temple_becter
D:4:      layout_loops_corners, enter_ossuary_2, serial_rivers,
          chequers_serial_rivers_micro_c, chequers_serial_rivers_marsh,
          chequers_serial_rivers_room_b, chequers_serial_rivers_micro_d
D:5:      layout_cave_pools, makhleb_grotto_becter,
          minmay_temple_entry_statues_pillars, chequers_serial_rivers_large_a
D:6:      layout_loops_cross, serial_shops, shop
D:7:      minmay_evil_eye, layout_loops_ring
D:8:      layout_cave_pools, grunt_dithmenos_smoke, uniq_maggie
D:9:      layout_loops_ring, due_lair_maze_entry_diamond,
          gammafunk_ghost_cemetery
D:10:     layout_cross, chequers_temple_overflow_statue_of_worship
D:11:     layout_cave_pods, erik_orc_1
D:12:     layout_irregular_city, gauntlet_entry_generic,
          nicolae_trove_entry_diagonal
D:13:     layout_loops_corners
D:14:     layout_long_grid, david_vaults_4,
          nicolae_gozag_cash_rules_everything_around_me
D:15:     grunt_enter_depths_hoard, layout_cave_pools, hangedman_ru_absence
Temple:   minmay_temple_bridge_d
Lair:1:   layout_cave_pods, pdpol_lair_neglected_garden
Lair:2:   layout_small_grid, minmay_snake_entry_six_corridors, basic_altar,
          gammafunk_ghost_necromancy, nicolae_volcano_entry_hallway,
          nicolae_quartered_pool_super, chequers_serial_rivers_micro_c,
          uniq_erica
Lair:3:   layout_cave_pods, nicolae_swamp_entry_spooky, lemuel_fruit_tree,
          uniq_snorg
Lair:4:   layout_regular_city, slime_entry_1
Lair:5:   minmay_lair_end_enchanted_forest, layout_cave_pods, st_stairs_7,
          kilobyte_rumbling_trees, grunt_megastairs_2, uniq_kirke
Swamp:1:  layout_falls_marsh, evilmike_swamp_ruin_house_6
Swamp:2:  layout_basic_swamp, evilmike_swamp_ruin_rubble_1, uniq_mlioglotl,
          uniq_roxanne
Swamp:3:  layout_basic_swamp, hangedman_swamp_lotus, swamp_pool1,
          cheibrodos_swamp_pet_leeches, infiniplex_staircase_pool
Swamp:4:  swamp_basic_johnstein, layout_basic_swamp
Snake:1:  cheibrodos_toxic_ritual, layout_grid_shapes
Snake:2:  layout_concentric_octagons
Snake:3:  layout_rooms, nicolae_snake_gridmaze_spiral, abandoned_shop,
          nicolae_snake_snakes_in_the_grass, uniq_agnes
Snake:4:  grunt_snake_rune_serpentine_throne, layout_cave_town, uniq_mara
Slime:1:  layout_caves
Slime:2:  layout_caves, nicolae_slime_rock_hall_of_fame
Slime:3:  layout_caves, basic_altar
Slime:4:  layout_caves
Slime:5
Orc:1:    layout_caves, abandoned_shop
Orc:2:    grunt_orc_community_town_hall, layout_diamond_mine,
          grunt_orc_community_big_house_2, grunt_orc_community_big_house_1,
          grunt_orc_community_house_3, grunt_orc_community_house_1,
          grunt_orc_community_house_1, grunt_orc_community_house_1,
          grunt_orc_community_house_2, grunt_orc_community_house_2
Elf:1:    eino_elf_arrival_shootout, layout_geoelf_octagon,
          hangedman_corner_corridor, corexii_checkpoint_b, nicolae_rare_books,
          nicolae_elf_free_trip_to_the_abyss
Elf:2:    nicolae_elf_blades_crystal_corner, layout_geoelf_octagon, basic_altar,
          grunt_ministairs_10, minivault_25
Elf:3:    elf_hall, layout_loops_ring, hangedman_elven_crosses_minicolossus,
          minmay_shop_grove
Vaults:1: nicolae_vaults_sightless_eye, v_misc_16, vaults_room_door_ring,
          nicolae_vaults_tetromino_T_1, nicolae_vaults_gold_heap,
          vaults_room_semicircle, nicolae_vaults_tetromino_T_2,
          nicolae_vaults_surprise_closet, nicolae_vaults_house_1,
          layout_vaults_big_room, serial_shops, shop, uniq_nikola,
          uniq_asterion, uniq_saint_roka
Vaults:2: minmay_crypt_entry_simple_walls, st_smaller_cells,
          hangedman_vaults_locks, nicolae_vaults_little_squares_6,
          nicolae_vaults_trapezoid_lopsided_3,
          nicolae_vaults_trapezoid_lopsided_1,
          nicolae_vaults_trapezoid_lopsided_3, nicolae_vaults_tetromino_T_1,
          nicolae_vaults_tetromino_Z_1, layout_vaults_quadrants
Vaults:3: nicolae_vaults_house_2, nicolae_vaults_network_square,
          nicolae_vaults_mitosis, nicolae_vaults_surprise_closet,
          nicolae_vaults_trapezoid_lopsided_3, nicolae_vaults_diamond_1,
          hangedman_vaults_nails, hangedman_vaults_unwind,
          ontoclasm_vaults_ring_large, nicolae_vaults_double_plus_3, v_misc_22,
          nicolae_vaults_variable_pillar_hall, nicolae_vaults_display_case,
          nicolae_vaults_heart-shaped_vault, nicolae_vaults_double_plus_1,
          vaults_dpeg_spiral, vaults_dpeg_hooks, vaults_dpeg_diagonal,
          nicolae_vaults_variable_pillar_hall, vaults_room_hallway,
          layout_vaults_ring
Vaults:4: nicolae_vaults_arrows, nicolae_vaults_shrinking_rooms_1,
          gammafunk_the_bubble [the_bubble_gammafunk_crates],
          nicolae_vaults_little_squares_6, v_misc_28,
          nicolae_vaults_trapezoid_lopsided_1,
          nicolae_vaults_trapezoid_lopsided_4, hangedman_vaults_maws, v_misc_23,
          nicolae_vaults_specimen_jars, ontoclasm_vaults_bender,
          nicolae_vaults_trapezoid_4, grunt_vaults_swirl, hangedman_vaults_maws,
          layout_vaults_maze, serial_shops, shop, nicolae_shop_hallway_stairs,
          nicolae_shop_crystal, nicolae_shop_tiny_statue_garden
Vaults:5: serial_shops
Depths:1: layout_basic, kennysheep_nub, hangedman_coc_ice_floe,
          rand_demon_pan_entry_7, lemuel_nasty_fountain
Depths:2: nicolae_legendary_halls, layout_cave_shapes, minmay_misc_feat_five,
          pf_hell_entry_tar_river, rand_demon_pan_entry_1,
          corexii_hall_statues_i
Depths:3: minmay_distorted_concentric_squares, layout_gridlike,
          enter_ziggurat_e, fedhas_altar_fruit_tree, mu_enter_wizlab_1,
          abyss_entry_flame_altar, hell_entry, grunt_decor_fettered,
          infiniplex_staircase_x
Depths:4: evilmike_zot_entry_basic, layout_basic, serial_shops, shop,
          nicolae_square_shop, shop, nicolae_vehumet_radiance,
          pf_dread_powers_of_hell
Zot:1:    hangedman_orp_of_zott, layout_onion_interference
Zot:2:    layout_basic, evilmike_ambush [evilmike_ambush_outer_pillars,
          evilmike_ambush_inner_cross]
Zot:3:    layout_cellular_growth, nzn_ghost_randoct, uniq_grunn
Zot:4:    layout_gridlike, grunt_megastairs_3
Zot:5:    layout_basic, hangedman_zot_decor_checkerboard,
          hellmonk_bargain_basement

Skill      XL: |  1  2  3  4  5  6  7  8  9 10 11 12 13 14 15 16 17 18 19 20 21 22 23 24 25 26 27 |
---------------+----------------------------------------------------------------------------------+-----
Earth Magic    | 4 5 6 7 8 10 12 14 15 17 20 21 23 24 27 | 27.0
Fighting       | 1 2 3 4 5 8 9 10 12 | 12.0
Dodging        | 2 3 4 5 6 7 |  7.0
Maces & Flails | 1 2 3 |  3.0
Armour         | 1 2 3 4 5 8 10 12 13 14 15 17 | 17.9
Stealth        | 3 4 5 7 8 9 10 | 10.0
Conjurations   | 1 2 3 4 5 6 8 11 13 14 15 16 18 21 24 26 27 | 27.0
Spellcasting   | 3 4 5 7 8 9 11 13 14 15 16 17 18 22 | 22.4
Evocations     | 2 4 5 7 8 |  8.0
Staves         | 2 4 6 7 8 10 11 | 11.8
Transmutations | 1 |  1.0
Translocations | 1 3 |  3.0
Fire Magic     | 3 6 8 9 11 | 11.0

Action                     |  1- 3 |  4- 6 |  7- 9 | 10-12 | 13-15 | 16-18 | 19-21 | 22-24 | 25-27 || total
---------------------------+-------+-------+-------+-------+-------+-------+-------+-------+-------++-------
  Melee: Whip              |    44 |   322 |    84 |       |       |       |       |       |       ||   450
         Unarmed           |     5 |       |       |       |       |       |       |       |       ||     5
         Punch             |       |     3 |     1 |       |     2 |     1 |       |       |       ||     7
         Flail             |       |       |    80 |       |       |       |       |       |       ||    80
         Staff             |       |       |    96 |    83 |   101 |    29 |    61 |    31 |    89 ||   490
  Throw: Dart              |       |       |       |     7 |     5 |       |       |       |       ||    12
         Boomerang         |       |       |       |       |     2 |       |       |       |       ||     2
   Cast: Sandblast         |    37 |    76 |    79 |   110 |   145 |    63 |     7 |     5 |       ||   522
         Stone Arrow       |       |       |    60 |   253 |   339 |    99 |       |       |       ||   751
         Passwall          |       |       |     3 |     6 |     3 |     2 |       |       |     1 ||    15
         Petrify           |       |       |       |    22 |    39 |    14 |    11 |     1 |     2 ||    89
         Blink             |       |       |       |     2 |       |     2 |     2 |       |     1 ||     7
         Foxfire           |       |       |       |    10 |     4 |       |     1 |       |       ||    15
         Flame Wave        |       |       |       |     1 |    15 |     1 |     1 |       |       ||    18
         Dazzling Flash    |       |       |       |     1 |       |       |       |       |       ||     1
         Lee's Rapid Decon |       |       |       |       |   100 |   106 |   132 |   116 |   143 ||   597
         Iron Shot         |       |       |       |       |    84 |   256 |   150 |   189 |   365 ||  1044
         Fireball          |       |       |       |       |       |   105 |    17 |    16 |    31 ||   169
         Lehudib's Crystal |       |       |       |       |       |     1 |    52 |    77 |   153 ||   283
         Leda's Liquefacti |       |       |       |       |       |       |     2 |     1 |     1 ||     4
         Iskenderun's Batt |       |       |       |       |       |       |     8 |    12 |    33 ||    53
         Shatter           |       |       |       |       |       |       |       |    56 |    47 ||   103
         Animate Armour    |       |       |       |       |       |       |       |       |    11 ||    11
         Spellforged Servi |       |       |       |       |       |       |       |       |     9 ||     9
  Evoke: Phial of floods   |       |       |       |     1 |     2 |     1 |       |       |       ||     4
         Wand              |       |       |       |     4 |     8 |       |     1 |       |     1 ||    14
         Phantom mirror    |       |       |       |       |       |     2 |       |       |       ||     2
    Use: Scroll            |       |     6 |     4 |    22 |    13 |     3 |     7 |     3 |    12 ||    70
         Potion            |       |     2 |     1 |     6 |     4 |     2 |     1 |     4 |     7 ||    27
   Stab: Sleeping          |     6 |    12 |     5 |       |       |       |     2 |     2 |       ||    27
         Distracted        |       |       |     1 |       |     2 |       |     1 |       |     1 ||     5
         Petrified         |       |       |       |     5 |    25 |       |       |       |       ||    30
         Petrifying        |       |       |       |       |     2 |       |       |       |       ||     2
 Armour: Robe              |    15 |    12 |       |       |       |       |       |       |       ||    27
         Leather armour    |       |   134 |   237 |    17 |       |       |       |       |       ||   388
         Steam dragon scal |       |       |       |    33 |       |       |       |       |       ||    33
         Acid dragon scale |       |       |       |   103 |   110 |       |       |       |   101 ||   314
         Scale mail        |       |       |       |     7 |       |       |       |       |       ||     7
         Troll leather arm |       |       |       |       |   133 |   152 |    58 |    77 |    15 ||   435
         Ring mail         |       |       |       |       |       |       |       |    25 |    14 ||    39
         Quicksilver drago |       |       |       |       |       |       |       |       |    88 ||    88
  Dodge: Dodged            |    39 |   224 |   282 |   255 |   280 |   118 |    55 |    90 |   154 ||  1497
  Block: Buckler           |       |       |       |       |       |       |       |     8 |    60 ||    68
